 Dungeon Crawl Stone Soup version 0.32-a0-540-g866d13106e (webtiles) character file.

Game seed: 8700089935589888488

139 HC7 the Grasshopper (level 5, -1/49 HPs)
             Began as a Troll Warper on Feb 28, 2024.
             Slain by Crazy Yiuf
             ... wielding a +4 quarterstaff of chaos
              (3 damage)
             ... on level 3 of the Dungeon.
             The game lasted 00:07:33 (1815 turns).

HC7 the Grasshopper (Troll Warper)                  Turns: 1815, Time: 00:07:33

Health: -1/49      AC:  4    Str: 19    XL:     5   Next: 1%
Magic:  0/6        EV: 10    Int: 11    God:
Gold:   92         SH:  0    Dex:  9    Spells: 5/7 levels left

rFire   . .          .
                       - Unarmed
rCold   . . .        (no shield)
rNeg    . . .        b - +0 robe
rPois   .            (helmet currently unavailable)
rElec   .            (cloak currently unavailable)
rCorr   .            (gloves unavailable)
SInv    .            (boots unavailable)
Will    .....        (no amulet)
Stlth   +            (no ring)
HPRegen 1.08/turn    (no ring)
MPRegen 0.10/turn

%: no passive effects
@: beast-form
A: beast (slay +0), large, unfitting armour, claws 3, regeneration 1, shaggy fur
1, tough skin 1
a: Begin Untransformation


You were on level 3 of the Dungeon.
You were a hulking beast.
You visited 1 branch of the dungeon, and saw 3 of its levels.

You collected 92 gold pieces.

Inventory:

Hand Weapons
 a - a +1 spear of electrocution
Missiles
 d - 7 darts of dispersal (quivered)
 f - 5 poisoned darts
Armour
 b - a +0 robe (worn)
Jewellery
 i - a ring of protection from fire
Talismans
 g - a beast talisman (active)
Wands
 l - a wand of flame (4)
Scrolls
 c - a scroll of blinking
 e - a scroll of enchant weapon
 j - a scroll of vulnerability
 n - 2 scrolls of identify
Potions
 h - 2 potions of attraction {unknown}
 k - a potion of mutation {unknown}
 m - a potion of might {unknown}


   Skills:
 + Level 1.8 Fighting
 + Level 1.7 Polearms
 + Level 0.8 Throwing
 + Level 2.6 Dodging
 * Level 0.5 Stealth
 + Level 1.9 Unarmed Combat
 * Level 1.7 Spellcasting
 + Level 2.7 Translocations
 * Level 0.1 Shapeshifting


You had 5 spell levels left.
You knew the following spells:

 Your Spells              Type           Power      Damage    Failure   Level
a - Blink                 Tloc           12%        N/A       16%         2

Your spell library contained the following spells:

 Spells                   Type           Power      Damage    Failure   Level
 Lesser Beckoning         Tloc           12%        N/A       16%         2
 Teleport Other           Tloc           6%         N/A       30%         3
 Manifold Assault         Tloc           6%         N/A       69%         4
 Vhi's Electric Charge    Tloc/Air       6%         N/A       86%         4


Dungeon Overview and Level Annotations

Branches:
Dungeon (3/15)

Altars:

Annotations:
D:3 Crazy Yiuf


Innate Abilities, Weirdness & Mutations

You are a hulking beast.
Your limbs bulge with bestial killing power. (Slay +0)
You are too large for most types of armour.
You have claws for hands.
Your natural rate of healing is unusually fast.
You are covered in fur. (AC +1)
You have tough skin. (AC +1)


Message History

You kill the kobold!
The jackal bites you. The jackal closely misses you. The jackal bites you.
Things that are here:
a +0 short sword; 3 stones The jackal bites you.
The jackal bites you. The jackal closely misses you.
You claw the jackal!
You kill the jackal!
The jackal barely misses you.
You have reached level 5!
The jackal bites you but does no damage.
You barely miss the jackal. The jackal closely misses you.
The jackal bites you but does no damage.
You claw the jackal!
You kill the jackal!
Found 3 stones.
Found a falchion.
You see here a +0 falchion.
Found a hammer.
Found a runed translucent door.
Crazy Yiuf shouts!
Crazy Yiuf glowers.
You open the door. You completely miss Crazy Yiuf.
Crazy Yiuf yells, "Shower down poople!"
Crazy Yiuf misses you.
You scratch Crazy Yiuf but do no damage.
Crazy Yiuf hits you with a +4 quarterstaff of chaos!
You are electrocuted!
You scratch Crazy Yiuf.
Crazy Yiuf is moderately wounded.
Crazy Yiuf hits you with a +4 quarterstaff of chaos!
* * * LOW HITPOINT WARNING * * *
You feel your power leaking away.
You closely miss Crazy Yiuf.
Crazy Yiuf is moderately wounded.
Crazy Yiuf hits you with a +4 quarterstaff of chaos!
* * * LOW HITPOINT WARNING * * *
Crazy Yiuf freezes you.
You die...

#.# #.# #.# #.#
#.# #.# #.###♣♣
### #.....♣
♣♣#..)#
#.....♣♣♣♣♣hg...#
#.......♣..♣#...#
#.#....♣.♣♣♣ ###
#.###♣♣♣♣♣ #.#
#.# #.# ######
#.# ..(.. #.#
....##


You could see Crazy Yiuf.

Vanquished Creatures
  Terence (D:1)
  Robin (D:2)
  2 adders
  3 dart slugs
  5 ball pythons
  6 endoplasms
  A giant cockroach (D:2)
  10 goblins
  8 hobgoblins
  8 jackals
  5 quokkas
  8 bats
  2 frilled lizards (D:1)
  5 kobolds
  4 rats
69 creatures vanquished.

Vanquished Creatures (others)
  A goblin (D:2)
1 creature vanquished.

Grand Total: 70 creatures vanquished

Notes
Turn   | Place    | Note
-------+----------+-------------------------------------------
     0 | D:1      | HC7 the Troll Warper began the quest for the Orb.
     0 | D:1      | Reached XP level 1. HP: 19/19 MP: 1/1
    59 | D:1      | Reached XP level 2. HP: 24/27 MP: 2/2
   367 | D:1      | Reached XP level 3. HP: 33/33 MP: 4/4
   419 | D:1      | Learned a level 2 spell: Blink
   465 | D:1      | Found a faded altar of an unknown god.
   868 | D:1      | Reached skill level 1 in Unarmed Combat
   903 | D:2      | Noticed Terence
   932 | D:1      | Killed Terence
   933 | D:1      | Reached XP level 4. HP: 35/42 MP: 5/5
  1025 | D:2      | Noticed Robin
  1037 | D:2      | Killed Robin
  1760 | D:3      | Reached XP level 5. HP: 45/49 MP: 6/6
  1805 | D:3      | Found a runed translucent door.
  1806 | D:3      | Noticed Crazy Yiuf
  1815 | D:3      | HP: 2/49 [Crazy Yiuf/+4 quarterstaff of chaos (13)]
  1815 | D:3      | Slain by Crazy Yiuf

Illustrated notes

Levels and vault maps discovered:
D:1:      shiori_arrival_oz, layout_basic,
          dreamdust_ecumenical_altar_angels_and_demons, st_stairs_14,
          due_unseen_surprise
D:2:      layout_loops_cross, uniq_terence, uniq_robin
D:3:      layout_basic, mainiacjoe_overflow_24_doors, serial_bayou_crossing,
          uniq_crazy_yiuf_cottage, uniq_grinder, uniq_ijyb

Skill      XL: |  1  2  3 |
---------------+----------+-----
Dodging        | 2 |  2.6
Unarmed Combat | 1 |  1.9
Fighting       | |  1.8
Polearms       | |  1.7
Throwing       | |  0.8
Stealth        | |  0.5
Spellcasting   | |  1.7
Translocations | |  2.7
Shapeshifting  | |  0.1

Action                     |  1- 3 |  4- 6 || total
---------------------------+-------+-------++-------
  Melee: Unarmed           |   110 |    83 ||   193
         Punch             |     2 |       ||     2
   Cast: Blink             |       |     3 ||     3
    Use: Scroll            |       |     4 ||     4
 Armour: Robe              |   149 |   126 ||   275
  Dodge: Dodged            |   116 |    77 ||   193
   Form: Beast             |       |     1 ||     1

Table legend: (Time is in decaauts)
 A = Elapsed time spent in this place.
 B = Non-inter-level travel time spent in this place.
 C = Inter-level travel time spent in this place.
 D = Time resting spent in this place.
 E = Time spent auto-exploring this place.
 F = Levels seen in this place.
 G = Mean time per level.
                   A        B        C        D        E       F      G
               +--------+--------+--------+--------+--------+-----+--------+
         Total |   1812 |   1671 |    141 |      0 |    897 |   3 |  604.0 |
       Dungeon |   1812 |   1671 |    141 |      0 |    897 |   3 |  604.0 |
               +--------+--------+--------+--------+--------+-----+--------+

Top non-repeatable levels by time:
     D:1: 979 daAuts
     D:2: 713 daAuts
     D:3: 119 daAuts
